 Dungeon Crawl Stone Soup version 0.02-100-gc9e1e00884 (webtiles) character file.

Game seed: 7229771713855894367, levelgen mode: deterministic

2548 funkygono the Grappler (level 9, -1/80 HPs) Troll Demonspawn. Began on Sept 28, 2020. Slain by Grum ... wielding a -1 glaive of freezing (8 damage) ... on level 4 of the Dungeon. The game lasted 00:14:34 (3330 turns).

funkygono the Grappler (Troll Demonspawn)           Turns: 3330, Time: 00:14:35

Health: -1/80      AC: 10    Str: 27    XL:     9 ^: 1887
Magic:  10/10      EV:  8    Int:  8    God:
Gold:   197        SH:  7    Dex:  9    Spells: 10/11 levels left

rFire    . . .     Vision   .   d - +0 heater shield
rCold    . . .     Gourm    +     - Unarmed
rNeg     . . .     Faith    .   a - +1 robe
rPois    .         Spirit   .   h - +1 hat
rElec    .         Reflect  .   (no cloak)
rCorr    .         Harm     .   (gloves unavailable)
MR       .....                  (boots unavailable)
Stlth    +.........             (no amulet)
HPRegen  0.76/turn              (no ring)
MPRegen  0.20/turn              (no ring)

@: no status effects
A: large, unfitting armour, claws 3, horns 1, molten scales 1, fast metabolism
3, gourmand, powered by pain 1, regeneration 1, shaggy fur 1, spiny 2, tough
skin 3
a: no special abilities


You were on level 4 of the Dungeon.
You were completely stuffed.

You visited 1 branch of the dungeon, and saw 4 of its levels.

You collected 197 gold pieces.

Inventory:

Shields
 d - a +0 heater shield (shield)
Armour
 a - a +1 robe (worn)
 h - a +1 hat (worn)
Wands
 m - a wand of ensnaring (1)
 n - a wand of hasting (4)
 p - a wand of flame (17)
Scrolls
 g - 2 scrolls of fear
 j - 2 scrolls of amnesia
 l - a scroll of magic mapping
 q - a scroll of teleportation
Potions
 e - a potion of curing
 f - a potion of cancellation
 i - a potion of berserk rage
 k - 2 potions of heal wounds
 o - a potion of invisibility
 r - a potion of magic
Comestibles
 b - 6 chunks of flesh
 c - 12 rations


   Skills:
 + Level 2.6 Fighting
 + Level 4.2 Dodging
 - Level 1.0 Stealth
 + Level 1.8 Shields
 + Level 10.2 Unarmed Combat
 + Level 1.5 Spellcasting
   Level 2.4 Invocations


You had 10 spell levels left.
You knew the following spells:

 Your Spells              Type           Power        Failure   Level  Hunger
a - Flame Tongue          Fire           0 (40)       91%         1    ##.....

Your spell library contained the following spells:

 Spells                   Type           Power        Failure   Level  Hunger
 Blink                    Tloc           N/A          97%         2    ###....
 Call Imp                 Summ           0 (100)      97%         2    ###....
 Slow                     Hex            0 (100)      97%         2    ###....
 Conjure Flame            Fire           0 (100)      100%        3    ####...
 Mephitic Cloud           Pois/Air       0 (100)      100%        3    ####...


Dungeon Overview and Level Annotations

Branches:
Dungeon (4/8)
 Temple: D:4

Altars:
Nemelex Xobeh
Uskayaw

Annotations:
D:4 Grum


Innate Abilities, Weirdness & Mutations

You are too large for most types of armour.
You have claws for hands. (+6 Unarmed)
You have a pair of small horns on your head.
You are partially covered in molten scales. (AC +2)
Your metabolism is lightning-fast.
You like to eat raw meat.
You sometimes gain a little power by taking damage.
Your natural rate of healing is unusually fast.
You are covered in fur. (AC +1)
You are mostly covered in sharp spines.
You have extremely tough skin. (AC +3)


Message History

The war dog is moderately wounded. (20/25) HP Grum hits you from afar with a -1 glaive of freezing (18)!!
Grum freezes you (6). The war dog bites you (5).
You punch the war dog (8)! You headbutt the war dog (4).
The war dog is severely wounded. (8/25) HP You are struck by the war dog's spiked collar.
You hit the war dog (2).
The war dog is severely wounded. (6/25) HP The war dog is struck by your spines.
You kill the war dog!
Grum hits you from afar with a -1 glaive of freezing (10)!
Grum freezes you (3).
There is an open door, spattered with blood here.
Things that are here:
a war dog corpse x3
You barely miss Grum.
Grum hits you with a -1 glaive of freezing (19)!!
* * * LOW HITPOINT WARNING * * *
Grum freezes you (8)!
You die...

#.............#
#....
#.............#
##....
########......#
#..?..
########'####
#.....
#........#
####.....
.........#
#........
.........#
#........
.#######.#
#........ .#
##@## #.....##.
... #.g.#
#.....##. ....
#...# #####.###
..... #...# #.#
......#####'##
#.#
.....gh.h....#
#.#
......#†)....#
..#
.............#
.............#


You could see Grum.

Vanquished Creatures
  3 war dogs (D:4)
  A porcupine (D:3)
  2 ogres
  5 big kobolds (D:2)
  Blork the orc (D:3)
  5 bullfrogs
  11 jellies
  A crimson imp (D:3)
  4 orc priests (D:3)
  A hound (D:4)
  5 orc wizards (D:3)
  2 worker ants (D:3)
  A bullfrog zombie (D:4)
  2 bullfrog skeletons (D:4)
  4 gnolls (D:3)
  5 adders
  22 sewer rats (D:2)
  9 cinder newts
  4 worms
  4 oozes (D:2)
  2 dart slugs (D:1)
  4 leopard geckos
  15 orcs (D:3)
  4 adder skeletons
  2 ball pythons (D:2)
  8 bats
  6 giant cockroaches
  13 goblins
  17 hobgoblins
  2 jackals (D:4)
  4 quokkas
  19 kobolds
  A kobold skeleton (D:2)
  2 orc skeletons (D:2)
  A quokka skeleton (D:2)
  7 rats (D:1)
  2 withered plants (D:2)
201 creatures vanquished.

Vanquished Creatures (others)
  A bullfrog (D:2)
  2 adders (D:2)
  11 sewer rats (D:2)
  An ooze (D:2)
  A leopard gecko (D:2)
  10 kobolds (D:2)
  4 bats (D:2)
  A bat skeleton (D:2)
  A rat skeleton (D:2)
  3 giant blowflies (D:2)
  171 withered plants (D:2)
206 creatures vanquished.

Grand Total: 407 creatures vanquished

Notes
Turn   | Place    | Note
-------+----------+-------------------------------------------
     0 | D:1      | funkygono the Troll Demonspawn began the quest for the Orb.
     0 | D:1      | Reached XP level 1. HP: 19/19 MP: 1/1
    57 | D:1      | Gained mutation: You are partially covered in molten
                  | scales. (AC +2) [demonic ancestry]
    57 | D:1      | Reached XP level 2. HP: 27/27 MP: 3/3
   233 | D:1      | Reached XP level 3. HP: 30/35 MP: 4/4
   854 | D:2      | Killed a bullfrog
   939 | D:2      | Reached XP level 4. HP: 42/42 MP: 5/5
   961 | D:2      | Reached skill level 3 in Unarmed Combat
  1088 | D:2      | Noticed a big kobold
  1095 | D:2      | Killed a big kobold
  1095 | D:2      | Gained mutation: You have a pair of small horns on your
                  | head. [demonic ancestry]
  1095 | D:2      | Reached XP level 5. HP: 46/49 MP: 6/6
  1116 | D:2      | Reached skill level 4 in Unarmed Combat
  1138 | D:2      | Gained mutation: You are partially covered in sharp spines.
                  | [demonic ancestry]
  1138 | D:2      | Reached XP level 6. HP: 50/57 MP: 7/7
  1163 | D:2      | Reached skill level 5 in Unarmed Combat
  1268 | D:2      | Reached skill level 6 in Unarmed Combat
  1319 | D:2      | Gained mutation: You sometimes gain a little power by
                  | taking damage. [demonic ancestry]
  1319 | D:2      | Reached XP level 7. HP: 65/65 MP: 8/8
  1431 | D:2      | Reached skill level 7 in Unarmed Combat
  1490 | D:2      | Noticed a hatchet
  1491 | D:2      | Noticed a dagger
  1495 | D:2      | Found a hide-covered altar of Uskayaw.
  1782 | D:2      | Found a sparkling altar of Nemelex Xobeh.
  1928 | D:2      | Gained mutation: You are mostly covered in sharp spines.
                  | [demonic ancestry]
  1928 | D:2      | Reached XP level 8. HP: 55/72 MP: 9/9
  2038 | D:2      | Reached skill level 8 in Unarmed Combat
  2187 | D:2      | Reached skill level 1 in Shields
  2653 | D:3      | Noticed Blork the orc
  2673 | D:3      | Killed Blork the orc
  2673 | D:3      | Reached skill level 9 in Unarmed Combat
  3018 | D:3      | Reached XP level 9. HP: 71/80 MP: 10/10
  3301 | D:4      | Noticed Grum
  3306 | D:4      | Noticed an ice dragon
  3325 | D:4      | Reached skill level 10 in Unarmed Combat
  3330 | D:4      | Slain by Grum

Levels and vault maps discovered:
D:1:      psy_arrival_whirlpool, layout_basic, first_ration
D:2:      cheibrodos_greedy_goblins, layout_sewer, dancing_weapons_uskayaw,
          nemelex_xobeh_ov_fountains_minmay
D:3:      layout_rooms, uniq_blork_the_orc
D:4:      layout_basic, temple_green, serial_corexii_hall,
          corexii_hall_statues_u, corexii_hall_statues_x,
          bcadren_nooodl_food_pyramid, minmay_guarded_unrand_resistance,
          uniq_grum

Skill      XL: |  1  2  3  4  5  6  7  8  9 |
---------------+----------------------------+-----
Unarmed Combat | 3 4 6 7 9 10 | 10.2
Dodging        | 3 4 |  4.2
Fighting       | 2 |  2.6
Shields        | 1 |  1.8
Stealth        | |  1.0
Spellcasting   | |  1.5
Invocations    | |  2.4

Action                   |  1- 3 |  4- 6 |  7- 9 || total
-------------------------+-------+-------+-------++-------
Melee: Unarmed           |   142 |   165 |   249 ||   556
       Headbutt          |       |    13 |    36 ||    49
Throw: Bone              |       |       |     1 ||     1
  Use: Scroll            |     2 |       |       ||     2
 Stab: Sleeping          |     2 |       |     1 ||     3
  Eat: Chunk             |    14 |     4 |    19 ||    37
Armor: Robe              |    24 |    38 |    62 ||   124
Dodge: Dodged            |    30 |    44 |    31 ||   105
Block: Heater shield     |       |       |    42 ||    42
